 Dungeon Crawl Stone Soup version 0.26.0-10-g1f06aea511 (webtiles) character file.

Game seed: 17900096443206803204

37 Borgoz the Slasher (level 3, -1/33 HPs)
             Began as a Gargoyle Gladiator on Jan 14, 2021.
             Slain by a goblin
             ... wielding a +0 club
             ... led by Robin
              (2 damage)
             ... on level 2 of the Dungeon.
             The game lasted 00:01:29 (924 turns).

Borgoz the Slasher (Gargoyle Gladiator)              Turns: 924, Time: 00:01:29

Health: -1/33      AC: 21    Str: 17    XL:     3   Next: 39%
Magic:  3/3        EV:  2    Int:  8    God:
Gold:   63         SH:  0    Dex: 12    Spells: 2/2 levels left

rFire    . . .     SeeInvis .   a - +0 long sword
rCold    . . .     Faith    .   (no shield)
rNeg     + + +     Spirit   .   (armour currently unavailable)
rPois    ∞         Reflect  .   (helmet currently unavailable)
rElec    .         Harm     .   (cloak currently unavailable)
rCorr    .         Rampage  .   (gloves currently unavailable)
Will     .....     NoTele   +   (boots currently unavailable)
Stlth    +.........             (no amulet)
HPRegen  0.11/turn              (no ring)
MPRegen  0.08/turn              (no ring)

@: tree-form
A: negative energy resistance 1, petrification resistance, miasma immunity, AC
+3
a: no special abilities


You were on level 2 of the Dungeon.
You were a tree.
You visited 1 branch of the dungeon, and saw 2 of its levels.

You collected 63 gold pieces.

Inventory:

Hand Weapons
 a - a +0 long sword (weapon)
Missiles
 d - 4 throwing nets (quivered)
Armour
 c - a +0 helmet (melded)
 e - a +0 ring mail (melded)
 h - a +0 pair of gloves (melded)
Jewellery
 j - an uncursed ring of magical power {unknown}
Scrolls
 b - 3 scrolls of magic mapping {unknown}
 f - 3 scrolls of identify {unknown}
Potions
 i - a potion of lignification


   Skills:
 + Level 2.6 Fighting
 * Level 3.2 Long Blades
 - Level 1.7 Throwing
 + Level 1.1 Armour
 + Level 2.6 Dodging


You had 2 spell levels left.
You didn't know any spells.
Your spell library was empty.

Dungeon Overview and Level Annotations

Branches:
Dungeon (2/15)

Altars:

Annotations:
D:2 Robin


Innate Abilities, Weirdness & Mutations

You are resistant to torment.
((Your stone body is resilient. (AC +3)))
You are immune to poison.
You resist negative energy. (rN+)
((You are resistant to electric shocks. (rElec)))
((You can survive without breathing.))
You are immune to petrification.
You are immune to miasma.


Message History

You barely miss the hobgoblin.
The hobgoblin hits you but does no damage.
Robin roars a battlecry!
The goblins go into a battle-frenzy!
The hobgoblin hits you but does no damage.
The goblin hits you but does no damage.
The hobgoblin hits you but does no damage.
You hit the hobgoblin.
The hobgoblin is severely wounded.
The hobgoblin hits you.
* * * LOW HITPOINT WARNING * * *
The goblin hits you but does no damage.
The hobgoblin hits you but does no damage. x2
The goblin hits you but does no damage.
You slash the hobgoblin!
You kill the hobgoblin!
The hobgoblin hits you but does no damage.
Robin throws the goblin at you! The goblin hits you but does no damage.
The goblin hits you with a +0 club.
You die...

#######
#gg...#
#♣###.# #g#
#.# #)# #<#
#
#g#####...#
#.).gggg..#
#######g..#
#


You could see Robin, a hobgoblin (strong) and 2 goblins.

Vanquished Creatures
  A gnoll (D:1)
  A dart slug (D:1)
  A leopard gecko (D:1)
  A ball python (D:1)
  2 bats (D:1)
  A giant cockroach (D:1)
  8 goblins
  5 hobgoblins
  A kobold (D:1)
  A rat (D:1)
22 creatures vanquished.

Notes
Turn   | Place    | Note
-------+----------+-------------------------------------------
     0 | D:1      | Borgoz the Gargoyle Gladiator began the quest for the Orb.
     0 | D:1      | Reached XP level 1. HP: 12/12 MP: 1/1
   237 | D:1      | Reached XP level 2. HP: 16/18 MP: 2/2
   376 | D:1      | Reached skill level 3 in Long Blades
   506 | D:1      | Reached skill level 1 in Armour
   546 | D:1      | Reached XP level 3. HP: 22/22 MP: 3/3
   885 | D:2      | Noticed Robin
   923 | D:2      | HP: 1/33 [hobgoblin[Robin] (3)]
   924 | D:2      | Slain by a goblin

Illustrated notes

Levels and vault maps discovered:
D:1:      dpeg_arrival_arbitrary_b, layout_loops_ring,
          chequers_serial_rivers_room_a
D:2:      layout_basic, uniq_robin

Skill      XL: |  1  2 |
---------------+-------+-----
Long Blades    | 3 |  3.2
Armour         | 1 |  1.1
Fighting       | |  2.6
Throwing       | |  1.7
Dodging        | |  2.6

Action                   || total
-------------------------++-------
Melee: Long sword        ||    79
  Use: Potion            ||     2
Armor: Ring mail         ||    46
       Leather armour    ||     3
       Skin              ||    16
Dodge: Dodged            ||    57
       Rpst.: Long sword ||    19
